TOP OF THE 1ST |
Lehigh Valley IronPigs batting - Pitching for New Orleans Zephyrs : LHP Nick Gore
|
Pitching: LHP Nick Gore
|
|
Batting: LHB Theodore Conboy
|
0-0: Ball 1-0: Ball 2-0: Foul Ball, location: 2F 2-1: SINGLE (Groundball, 56D, EV 104.4 MPH)
|
Batting: RHB Alberto Ramirez
|
0-0: SINGLE (Groundball, 56D, EV 100.0 MPH) Theodore Conboy to second
|
Batting: RHB Carlos Morejon
|
0-0: Called Strike 0-1: Ball 1-1: Fly out, F9 (Line Drive, 9LS, EV 96.2 MPH)
|
Batting: RHB Mark Schultz
|
0-0: Ball 1-0: Fielders Choice at 2nd, 3-6 (Groundball, 34, EV 88.1 MPH) Theodore Conboy to third
|
Batting: SHB Benjamin Brown
|
0-0: Ball 1-0: Foul Ball, location: 2F 1-1: Foul Ball, location: 2F 1-2: Strikes out looking
|
Top of the 1st over - 0 runs, 2 hits, 0 errors, 2 left on base; Lehigh Valley 0 - New Orleans 0 |
BOTTOM OF THE 1ST |
New Orleans Zephyrs batting - Pitching for Lehigh Valley IronPigs : RHP Georgs Felitti
|
Pitching: RHP Georgs Felitti
|
|
Batting: LHB David Doge
|
0-0: Ball 1-0: Swinging Strike 1-1: Fly out, F9 (Flyball, 9S, EV 82.5 MPH)
|
Batting: RHB Rick Fell
|
0-0: Ball 1-0: Ball 2-0: Called Strike 2-1: Foul Ball, location: 2F 2-2: Ball 3-2: SINGLE (Groundball, 34D, EV 98.8 MPH)
|
Batting: RHB Manuel Taveras
|
0-0: Foul Ball, location: 2F 0-1: Foul Ball, location: 2F 0-2: Ball Rick Fell steals 2nd base 1-2: Foul Ball, location: 2F 1-2: Ball 2-2: Foul Ball, location: 2F 2-2: Ground out 6-3 (Groundball, 6, EV 82.5 MPH) Rick Fell to third
|
Batting: RHB Adam McGurn
|
0-0: Ball 1-0: Ball 2-0: Foul Ball, location: 2F 2-1: Foul Ball, location: 2F 2-2: Ball 3-2: Ground out 3-1 (Groundball, 34, EV 86.9 MPH)
|
Bottom of the 1st over - 0 runs, 1 hit, 0 errors, 1 left on base; Lehigh Valley 0 - New Orleans 0 |
TOP OF THE 2ND |
Lehigh Valley IronPigs batting - Pitching for New Orleans Zephyrs : LHP Nick Gore
|
Batting: RHB Victor Arroyo
|
0-0: Ball 1-0: Called Strike 1-1: Ball 2-1: Ball 3-1: Called Strike 3-2: Strikes out looking
|
Batting: RHB Moritake Fukumoto
|
0-0: Ball 1-0: Called Strike 1-1: Swinging Strike 1-2: Foul Ball, location: 2F 1-2: DOUBLE (Groundball, 5L, EV 101.9 MPH)
|
Batting: RHB Kyle Reilly
|
0-0: Ball 1-0: Ball 2-0: Ball 3-0: Called Strike 3-1: Called Strike 3-2: SINGLE (Line Drive, 34D, EV 109.4 MPH) Moritake Fukumoto to third
|
Batting: SHB Marco de Leon
|
0-0: Swinging Strike 0-1: Ball 1-1: Foul Ball, location: 2F 1-2: Ball 2-2: Fly out, F8 (Flyball, 8RM, EV 87.5 MPH) Runner from 3rd tags up, OUT at HOME! 8-2
|
Top of the 2nd over - 0 runs, 2 hits, 0 errors, 1 left on base; Lehigh Valley 0 - New Orleans 0 |
BOTTOM OF THE 2ND |
New Orleans Zephyrs batting - Pitching for Lehigh Valley IronPigs : RHP Georgs Felitti
|
Batting: LHB Eric Bailey
|
0-0: Ball 1-0: Called Strike 1-1: Called Strike 1-2: Foul Ball, location: 2F 1-2: SINGLE (Groundball, 6MD, EV 105.6 MPH)
|
Batting: RHB Isaiah Brockman
|
0-0: Ball Eric Bailey is caught stealing 2nd base 2-4 1-0: Ground out 6-3 (Groundball, 6, EV 87.5 MPH)
|
Batting: RHB Orlando Landa
|
0-0: Called Strike 0-1: Swinging Strike 0-2: Ball 1-2: Fly out, F8 (Flyball, 8LXD, EV 91.2 MPH)
|
Bottom of the 2nd over - 0 runs, 1 hit, 0 errors, 0 left on base; Lehigh Valley 0 - New Orleans 0 |
TOP OF THE 3RD |
Lehigh Valley IronPigs batting - Pitching for New Orleans Zephyrs : LHP Nick Gore
|
Batting: LHB Theodore Conboy
|
0-0: Ball 1-0: Ball 2-0: Ball 3-0: Base on Balls
|
Batting: RHB Alberto Ramirez
|
0-0: Called Strike 0-1: Swinging Strike 0-2: Ball 1-2: Foul Ball, location: 2F 1-2: Ball 2-2: Foul Ball, location: 2F 2-2: Foul Ball, location: 2F 2-2: SINGLE (Groundball, 4S, EV 68.8 MPH) (infield hit) Theodore Conboy to second
|
Batting: RHB Carlos Morejon
|
0-0: Ball 1-0: Ball 2-0: Called Strike 2-1: Fly out, F8 (Flyball, 8RD, EV 96.9 MPH)
|
Batting: RHB Mark Schultz
|
0-0: Ball 1-0: Foul Ball, location: 2F 1-1: Foul Ball, location: 2F 1-2: Foul Ball, location: 2F 1-2: Ball 2-2: Ball 3-2: Foul Ball, location: 2F 3-2: Base on Balls Theodore Conboy to third Alberto Ramirez to second
|
Batting: SHB Benjamin Brown
|
0-0: Fly out, F9 (Flyball, 9LM, EV 82.5 MPH) Runner from 3rd tags up, OUT at HOME! 9-2
|
Top of the 3rd over - 0 runs, 1 hit, 0 errors, 2 left on base; Lehigh Valley 0 - New Orleans 0 |
BOTTOM OF THE 3RD |
New Orleans Zephyrs batting - Pitching for Lehigh Valley IronPigs : RHP Georgs Felitti
|
Batting: RHB Torquato Obawole
|
0-0: Ground out 6-3 (Groundball, 6S, EV 81.9 MPH)
|
Batting: RHB Masumitsu Sugiura
|
0-0: Called Strike 0-1: Ball 1-1: Called Strike 1-2: Strikes out swinging
|
Batting: LHB David Doge
|
0-0: Ball 1-0: Ball 2-0: Ball 3-0: Called Strike 3-1: Swinging Strike 3-2: Strikes out looking
|
Bottom of the 3rd over - 0 runs, 0 hits, 0 errors, 0 left on base; Lehigh Valley 0 - New Orleans 0 |
TOP OF THE 4TH |
Lehigh Valley IronPigs batting - Pitching for New Orleans Zephyrs : LHP Nick Gore
|
Batting: RHB Victor Arroyo
|
0-0: Ball 1-0: Called Strike 1-1: Foul Ball, location: 2F 1-2: Fly out, F3 (Popup, 3, EV 71.9 MPH)
|
Batting: RHB Moritake Fukumoto
|
0-0: Ball 1-0: Ball 2-0: Ball 3-0: Base on Balls
|
Batting: RHB Kyle Reilly
|
0-0: Called Strike 0-1: Foul Ball, location: 2F 0-2: Ball 1-2: Ball 2-2: Foul Ball, location: 2F 2-2: Grounds into double play, 5-4-3 (Groundball, 56, EV 83.8 MPH)
|
Top of the 4th over - 0 runs, 0 hits, 0 errors, 0 left on base; Lehigh Valley 0 - New Orleans 0 |
BOTTOM OF THE 4TH |
New Orleans Zephyrs batting - Pitching for Lehigh Valley IronPigs : RHP Georgs Felitti
|
Batting: RHB Rick Fell
|
0-0: Ball 1-0: Ball 2-0: Foul Ball, location: 2F 2-1: Ball 3-1: Base on Balls
|
Batting: RHB Manuel Taveras
|
0-0: Called Strike 0-1: Swinging Strike 0-2: Ball 1-2: Ball 2-2: Ball 3-2: Foul Ball, location: 2F 3-2: Base on Balls Rick Fell to second
|
Batting: RHB Adam McGurn
|
0-0: Ball 1-0: Fielders Choice at 2nd, 4-6 (Groundball, 4S, EV 90.6 MPH) Rick Fell to third
|
Batting: LHB Eric Bailey
|
0-0: Ball 1-0: Foul Ball, location: 2F 1-1: Called Strike 1-2: Ball 2-2: Ball 3-2: Base on Balls Adam McGurn to second
|
Batting: RHB Isaiah Brockman
|
0-0: Ball 1-0: Ball Wild Pitch! Rick Fell scores Adam McGurn to third Eric Bailey to second 2-0: Ball 3-0: Called Strike 3-1: Ground out 1-3 (Groundball, 13S, EV 66.9 MPH)
|
Batting: RHB Orlando Landa
|
0-0: Ball 1-0: Fly out, F7 (Flyball, 78S, EV 91.9 MPH)
|
Bottom of the 4th over - 1 run, 0 hits, 0 errors, 2 left on base; Lehigh Valley 0 - New Orleans 1 |
TOP OF THE 5TH |
Lehigh Valley IronPigs batting - Pitching for New Orleans Zephyrs : LHP Nick Gore
|
Batting: SHB Marco de Leon
|
0-0: Called Strike 0-1: Foul Ball, location: 2F 0-2: Ball 1-2: Ball 2-2: Ball 3-2: Foul Ball, location: 2F 3-2: SINGLE (Groundball, 6M, EV 85.0 MPH) (infield hit)
|
Batting: LHB Theodore Conboy
|
0-0: Ball 1-0: Swinging Strike 1-1: Foul Ball, location: 2F 1-2: Fly out, F1 (Line Drive, P, EV 65.0 MPH)
|
Batting: RHB Alberto Ramirez
|
0-0: Ball 1-0: Foul Ball, location: 2F 1-1: Called Strike 1-2: Strikes out swinging
|
Batting: RHB Carlos Morejon
|
0-0: Called Strike 0-1: Ground out 4-3 (Groundball, 4, EV 91.2 MPH)
|
Top of the 5th over - 0 runs, 1 hit, 0 errors, 1 left on base; Lehigh Valley 0 - New Orleans 1 |
BOTTOM OF THE 5TH |
New Orleans Zephyrs batting - Pitching for Lehigh Valley IronPigs : RHP Georgs Felitti
|
Batting: RHB Torquato Obawole
|
0-0: Foul Ball, location: 2F 0-1: Ball 1-1: Foul Ball, location: 2F 1-2: Ball 2-2: Ball 3-2: SINGLE (Groundball, 56D, EV 96.9 MPH)
|
Batting: RHB Masumitsu Sugiura
|
0-0: Ball Torquato Obawole is caught stealing 2nd base 2-4 1-0: Ball 2-0: Ball 3-0: Called Strike 3-1: Foul Ball, location: 2F 3-2: Ground out U3 (Groundball, 3, EV 86.2 MPH)
|
Batting: LHB David Doge
|
0-0: Ball 1-0: SINGLE (Groundball, 4MD, EV 102.5 MPH)
|
Batting: RHB Rick Fell
|
0-0: Ball David Doge steals 2nd, throwing error, E2 David Doge to third 1-0: Ball 2-0: Ball 3-0: Called Strike 3-1: Base on Balls
|
Pitching: RHP Manny Cordova
|
|
Batting: RHB Manuel Taveras
|
0-0: Ball 1-0: Fielders Choice at 2nd, 6-4 (Groundball, 6, EV 103.1 MPH)
|
Bottom of the 5th over - 0 runs, 2 hits, 1 error, 2 left on base; Lehigh Valley 0 - New Orleans 1 |
TOP OF THE 6TH |
Lehigh Valley IronPigs batting - Pitching for New Orleans Zephyrs : LHP Nick Gore
|
Pitching: RHP Jeremy Akande
|
|
Batting: RHB Mark Schultz
|
0-0: SINGLE (Line Drive, 9S, EV 100.0 MPH)
|
Batting: SHB Benjamin Brown
|
0-0: Called Strike 0-1: Ball Mark Schultz steals 2nd base 1-1: Foul Ball, location: 2F 1-2: Foul Ball, location: 2F 1-2: Strikes out swinging
|
Batting: RHB Victor Arroyo
|
0-0: Hit by Pitch
|
Batting: RHB Moritake Fukumoto
|
0-0: Ball 1-0: Ball 2-0: DOUBLE (Line Drive, 7LD, EV 102.5 MPH) Mark Schultz scores Victor Arroyo to third
|
Batting: RHB Kyle Reilly
|
0-0: Ball 1-0: Ball 2-0: Ball 3-0: Base on Balls
|
Batting: SHB Marco de Leon
|
0-0: Ball 1-0: Ball 2-0: Ball 3-0: Base on Balls Victor Arroyo scores Moritake Fukumoto to third Kyle Reilly to second
|
Batting: LHB Theodore Conboy
|
0-0: Grounds into fielders choice 3-2 (Groundball, 34S, EV 68.8 MPH) Kyle Reilly to third Marco de Leon to second
|
Batting: RHB Alberto Ramirez
|
0-0: Ball 1-0: SINGLE (Groundball, 34, EV 98.8 MPH) (infield hit) Kyle Reilly scores Marco de Leon to third Theodore Conboy to second
|
Batting: RHB Carlos Morejon
|
0-0: Ball 1-0: DOUBLE (Line Drive, 9LM, EV 110.0 MPH) Marco de Leon scores Theodore Conboy scores Alberto Ramirez to third
|
Pitching: RHP Stefan Snel
|
|
Batting: RHB Mark Schultz
|
0-0: Ball 1-0: Ball 2-0: Ball 3-0: Called Strike 3-1: Base on Balls
|
Batting: SHB Benjamin Brown
|
0-0: Called Strike 0-1: Ball 1-1: Fielders Choice at 2nd, 5-4 (Groundball, 5, EV 85.0 MPH)
|
Top of the 6th over - 5 runs, 4 hits, 0 errors, 3 left on base; Lehigh Valley 5 - New Orleans 1 |
BOTTOM OF THE 6TH |
New Orleans Zephyrs batting - Pitching for Lehigh Valley IronPigs : RHP Manny Cordova
|
Batting: RHB Adam McGurn
|
0-0: Foul Ball, location: 2F 0-1: Ball 1-1: Ball 2-1: Ball 3-1: DOUBLE (Groundball, 5L, EV 104.4 MPH)
|
Batting: LHB Eric Bailey
|
0-0: Swinging Strike 0-1: Ball 1-1: Foul Ball, location: 2F 1-2: Foul Ball, location: 2F 1-2: SINGLE (Groundball, 56, EV 104.4 MPH) Adam McGurn to third
|
Batting: RHB Isaiah Brockman
|
0-0: Ball 1-0: Ball Eric Bailey is caught stealing 2nd base 2-4 2-0: DOUBLE (Flyball, 8LXD, EV 106.9 MPH) Adam McGurn scores
|
Batting: RHB Orlando Landa
|
0-0: Ball 1-0: Ball 2-0: Ball 3-0: Called Strike 3-1: Base on Balls
|
Batting: RHB Torquato Obawole
|
0-0: Ball 1-0: Ball 2-0: Called Strike 2-1: Fielders Choice at 2nd, 3-6 (Groundball, 3S, EV 83.1 MPH) Isaiah Brockman to third
|
Batting: RHB Masumitsu Sugiura
|
0-0: Ball 1-0: Ball 2-0: Ball 3-0: Called Strike 3-1: Base on Balls Torquato Obawole to second
|
Batting: LHB David Doge
|
0-0: Called Strike 0-1: Ball 1-1: Fielders Choice at 2nd, 6-4 (Groundball, 6, EV 83.8 MPH)
|
Bottom of the 6th over - 1 run, 3 hits, 0 errors, 3 left on base; Lehigh Valley 5 - New Orleans 2 |
TOP OF THE 7TH |
Lehigh Valley IronPigs batting - Pitching for New Orleans Zephyrs : RHP Stefan Snel
|
Batting: RHB Victor Arroyo
|
0-0: Foul Ball, location: 2F 0-1: Ball 1-1: Foul Ball, location: 2F 1-2: SINGLE (Groundball, 6, EV 98.8 MPH)
|
Batting: RHB Moritake Fukumoto
|
0-0: Swinging Strike 0-1: Ball 1-1: SINGLE (Line Drive, 78M, EV 100.0 MPH) Victor Arroyo to second
|
Batting: RHB Kyle Reilly
|
0-0: Called Strike 0-1: Bunt missed! 0-2: Ball 1-2: Ball 2-2: SINGLE (Groundball, 56D, EV 110.6 MPH) Victor Arroyo to third Moritake Fukumoto to second
|
Batting: SHB Marco de Leon
|
0-0: Ball 1-0: Ball 2-0: Ball 3-0: Base on Balls Victor Arroyo scores Moritake Fukumoto to third Kyle Reilly to second
|
Batting: LHB Theodore Conboy
|
0-0: Swinging Strike 0-1: Ball Wild Pitch! Moritake Fukumoto scores Kyle Reilly to third Marco de Leon to second 1-1: Swinging Strike 1-2: Strikes out looking
|
Batting: RHB Alberto Ramirez
|
0-0: Ball 1-0: Called Strike 1-1: Ground out 3-1 (Groundball, 34S, EV 70.6 MPH) Kyle Reilly scores Marco de Leon to third
|
Batting: RHB Carlos Morejon
|
0-0: Ball 1-0: Ball 2-0: Ball 3-0: Base on Balls
|
Batting: RHB Mark Schultz
|
0-0: Ball 1-0: Ball 2-0: Swinging Strike 2-1: Foul Ball, location: 2F 2-2: Ground out 4-3 (Groundball, 34D, EV 86.9 MPH)
|
Top of the 7th over - 3 runs, 3 hits, 0 errors, 2 left on base; Lehigh Valley 8 - New Orleans 2 |
BOTTOM OF THE 7TH |
New Orleans Zephyrs batting - Pitching for Lehigh Valley IronPigs : RHP Manny Cordova
|
Batting: RHB Rick Fell
|
0-0: Ball 1-0: Ball 2-0: Ball 3-0: Called Strike 3-1: Foul Ball, location: 2F 3-2: Base on Balls
|
Batting: RHB Manuel Taveras
|
0-0: Ball 1-0: Ball 2-0: Called Strike 2-1: Called Strike 2-2: Foul Ball, location: 2F 2-2: Fly out, F9 (Flyball, 9S, EV 93.8 MPH)
|
Pitching: RHP Yuichi Nozawa
|
|
Batting: RHB Adam McGurn
|
0-0: Ball 1-0: Foul Ball, location: 2F 1-1: Called Strike 1-2: Grounds into double play, 5-4-3 (Groundball, 56, EV 86.9 MPH)
|
Bottom of the 7th over - 0 runs, 0 hits, 0 errors, 0 left on base; Lehigh Valley 8 - New Orleans 2 |
TOP OF THE 8TH |
Lehigh Valley IronPigs batting - Pitching for New Orleans Zephyrs : RHP Stefan Snel
|
Batting: SHB Benjamin Brown
|
0-0: Called Strike 0-1: Ball 1-1: Fly out, F7 (Flyball, 7, EV 92.5 MPH)
|
Batting: RHB Victor Arroyo
|
0-0: Called Strike 0-1: Ball 1-1: Ball 2-1: Ball 3-1: Base on Balls
|
Pitching: RHP Alberto Negrete
|
|
Batting: RHB Moritake Fukumoto
|
0-0: Ball 1-0: Ball 2-0: Ball 3-0: Called Strike 3-1: Grounds into double play, 5-4-3 (Groundball, 5, EV 81.2 MPH)
|
Top of the 8th over - 0 runs, 0 hits, 0 errors, 0 left on base; Lehigh Valley 8 - New Orleans 2 |
BOTTOM OF THE 8TH |
New Orleans Zephyrs batting - Pitching for Lehigh Valley IronPigs : RHP Yuichi Nozawa
|
Batting: LHB Eric Bailey
|
0-0: Foul Ball, location: 2F 0-1: Foul Ball, location: 2F 0-2: Ball 1-2: Ball 2-2: Ball 3-2: DOUBLE (Line Drive, 5D, EV 106.9 MPH)
|
Batting: LHB Adam Durgin
|
0-0: Ball 1-0: Called Strike 1-1: Ball 2-1: Foul Ball, location: 2F 2-2: Strikes out swinging
|
Batting: RHB Orlando Landa
|
0-0: Ball 1-0: Ball 2-0: Ball 3-0: Foul Ball, location: 2F 3-1: Base on Balls
|
Batting: RHB Torquato Obawole
|
0-0: Fielders Choice at 2nd, 3-6 (Groundball, 3S, EV 86.2 MPH) Eric Bailey to third
|
Batting: RHB Masumitsu Sugiura
|
0-0: Ball 1-0: Swinging Strike 1-1: Called Strike 1-2: Ball 2-2: Foul Ball, location: 2F 2-2: Foul Ball, location: 2F 2-2: Ball 3-2: Base on Balls Torquato Obawole to second
|
Pitching: LHP Ignacio Amaya
|
|
Batting: LHB David Doge
|
0-0: Ball 1-0: Ball 2-0: Foul Ball, location: 2F 2-1: Fly out, F4 (Popup, 4MD, EV 45.0 MPH)
|
Bottom of the 8th over - 0 runs, 1 hit, 0 errors, 3 left on base; Lehigh Valley 8 - New Orleans 2 |
TOP OF THE 9TH |
Lehigh Valley IronPigs batting - Pitching for New Orleans Zephyrs : RHP Alberto Negrete
|
Pitching: RHP J.P. Wilson
|
|
Batting: RHB Kyle Reilly
|
0-0: Fly out, F7 (Flyball, 7LS, EV 90.6 MPH)
|
Batting: SHB Marco de Leon
|
0-0: Foul Ball, location: 2F 0-1: Ball 1-1: Foul Ball, location: 2F 1-2: Strikes out swinging
|
Batting: LHB Theodore Conboy
|
0-0: Fly out, F2 (Popup, 2LF, EV 92.5 MPH)
|
Top of the 9th over - 0 runs, 0 hits, 0 errors, 0 left on base; Lehigh Valley 8 - New Orleans 2 |
BOTTOM OF THE 9TH |
New Orleans Zephyrs batting - Pitching for Lehigh Valley IronPigs : LHP Ignacio Amaya
|
Batting: RHB Rick Fell
|
0-0: Ball 1-0: Ball 2-0: Ground out 5-3 (Groundball, 5S, EV 69.4 MPH)
|
Batting: RHB Manuel Taveras
|
0-0: Ball 1-0: Ball 2-0: Swinging Strike 2-1: Swinging Strike 2-2: Strikes out swinging
|
Batting: RHB Adam McGurn
|
0-0: Called Strike 0-1: Ground out 5-3 (Groundball, 5, EV 106.2 MPH)
|
Bottom of the 9th over - 0 runs, 0 hits, 0 errors, 0 left on base; Lehigh Valley 8 - New Orleans 2 |
|